 Dungeon Crawl Stone Soup version 0.16-a0-51-g3cd7026 (webtiles) character file.

2101 MrRokkomies the Spear-Bearer (level 9, -2/58 HPs)
             Began as a Merfolk Ice Elementalist on Aug 5, 2014.
             Was a Believer of the Shining One.
             Splashed by a jelly's acid (11 damage)
             ... on Level 6 of the Dungeon on Aug 6, 2014.
             The game lasted 00:38:17 (7519 turns).

MrRokkomies the Spear-Bearer (MfIE)                 Turns: 7519, Time: 00:38:17

HP  -2/58        AC -7     Str 10      XL: 9   Next: 28%
MP  14/14        EV 12     Int 15      God: the Shining One [**....]
Gold 424         SH  3     Dex 14 (15) Spells:  3 memorised,  4 levels left

rFire  . . .     SeeInvis .     a - +1 spear
rCold  . . .     Clarity  .     t - +1 robe {MR+}
rNeg   + . .     rCorr    .     i - +0 buckler {AC+3}
rPois  .         rRot     .     D - +1 helmet
rElec  .         Spirit   .     (no cloak)
SustAb .         Warding  .     (no gloves)
rMut   .         Stasis   .     (no boots)
Gourm  .                        (no amulet)
MR     +....                    (no ring)
                                (no ring)

@: corroded equipment, glowing, somewhat resistant to hostile enchantments, very
unstealthy
A: change form in water, swift swim
a: Divine Shield, Renounce Religion


You were on level 6 of the Dungeon.
You worshipped the Shining One.
The Shining One was pleased with you.
You were not hungry.

You visited 1 branch of the dungeon, and saw 6 of its levels.

You collected 424 gold pieces.

Inventory:

Hand weapons
 a - a +1 spear (weapon)
 b - a +1 hunting sling of freezing
Missiles
 l - 44 stones
 p - 8 sling bullets
 x - a throwing net (quivered)
Armour
 i - a +0 buckler of protection (worn)
 t - a +1 robe of magic resistance (worn)
 D - a +1 helmet (worn)
Magical devices
 y - a wand of fireball (0)
 B - a wand of magic darts (2)
 F - a wand of fireball (4)
Comestibles
 c - 5 bread rations
 d - a royal jelly
 g - a fruit
 r - 6 beef jerkies
 s - 2 chunks of giant frog flesh
 w - 3 slices of pizza
 E - a meat ration
Scrolls
 h - 4 scrolls of teleportation
 n - 3 scrolls of enchant armour
 z - a scroll of amnesia
 C - a scroll of blinking
 G - a scroll of remove curse
Potions
 e - 5 potions of heal wounds
 f - a potion of magic
 j - a potion of restore abilities {unknown}
 m - a potion of agility {unknown}
 o - a potion of invisibility {unknown}
 q - a potion of brilliance {unknown}
 u - 2 potions of curing
 v - a potion of resistance {unknown}
 A - a potion of berserk rage {unknown}
Books
 k - a book of Frost

   Spells                             Type                      Level
   *Freeze                            Ice                          1
   Throw Frost                        Conjuration/Ice              2
   *Ozocubu's Armour                  Charms/Ice                   3
   Throw Icicle                       Conjuration/Ice              4
   Summon Ice Beast                   Ice/Summoning                4
   *Condensation Shield               Ice                          4


   Skills:
 * Level 0.4 Fighting
 * Level 11.4 Polearms
 - Level 2.6 Dodging
 - Level 2.1 Stealth
 - Level 2.0 Spellcasting
   Level 0.7 Conjurations
 - Level 10.0 Ice Magic


You had 4 spell levels left.
You knew the following spells:

 Your Spells              Type           Power        Failure   Level  Hunger
a - Freeze                Ice            ####         1%          1    #......
b - Ozocubu's Armour      Chrm/Ice       ###.....     12%         3    ####...
c - Condensation Shield   Ice            ####......   4%          4    #####..


Dungeon Overview and Level Annotations

Branches:
Dungeon (6/15)             Temple (0/1) D:5

Altars:
Nemelex Xobeh
Trog
Yredelemnul
The Shining One


Message History

You hit the jelly.
The jelly is lightly wounded.
The jelly misses you.
You hit the jelly. The acid corrodes your equipment!
The jelly is moderately wounded.
You hit the jelly but do no damage. The acid corrodes your equipment!
The jelly is moderately wounded.
The jelly hits you.
You are splashed with acid!
The acid burns!
You hit the jelly.
The jelly is heavily wounded.
The jelly hits you.
You are splashed with acid!
The acid burns!
* * * LOW HITPOINT WARNING * * *
You hit the jelly but do no damage.
The jelly is heavily wounded.
You hit the jelly.
The jelly is almost dead.
The jelly hits you.
* * * LOW HITPOINT WARNING * * *
You are splashed with acid!
The acid burns!
You die...

.≈≈≈≈≈≈≈≈ ..≈≈≈≈≈≈≈≈≈
...≈≈≈≈;≈≈≈≈≈
....≈.≈≈.≈.≈≈.≈
.............
............
#.#...?..#
#.....#(.##########.#
#.....#..ggJ@....(..#
####......########.##
#.....##......# .##
#.#..............
...##
#.#....####.......
....
##...#.#########.#
<..# .... #....# #.#
...# ###.##....# #.
#..# # ##
#.......#### #.
#..##.#


You could see a jelly, a hobgoblin and a goblin.

Vanquished Creatures
  3 sky beasts
  A centaur (D:4)
  3 ice beasts (D:5)
  3 phantoms
  Sigmund (D:4)
  Duvessa (D:6)
  A giant frog (D:6)
  Blork the orc (D:4)
  2 jellies (D:5)
  A goliath beetle (D:6)
  Dowan (D:6)
  A crimson imp (D:5)
  2 hounds (D:6)
  A quasit (D:5)
  A gnoll shaman (D:4)
  3 iguanas
  3 worker ants (D:4)
  Natasha (thrice) (D:4)
  3 orc wizards
  Ijyb (D:5)
  3 gnolls (D:4)
  8 adders
  3 giant mites
  An inept item mimic (D:2)
  A shadow imp (D:5)
  5 worms
  4 giant geckos
  15 orcs
  3 ball pythons
  13 bats
  A bat skeleton (D:5)
  A bat zombie (D:6)
  7 giant cockroaches
  13 goblins
  15 hobgoblins
  18 jackals
  2 giant newts (D:3)
  12 kobolds
  2 quokkas (D:2)
  7 rats
170 creatures vanquished.

Notes
Turn   | Place    | Note
--------------------------------------------------------------
     0 | D:1      | MrRokkomies, the Merfolk Ice Elementalist, began the quest for the Orb.
     0 | D:1      | Reached XP level 1. HP: 13/13 MP: 3/3
   170 | D:1      | Reached XP level 2. HP: 14/19 MP: 4/4
   228 | D:1      | Reached skill level 4 in Ice Magic
   628 | D:1      | Reached XP level 3. HP: 15/24 MP: 6/6
   858 | D:1      | Learned a level 3 spell: Ozocubu's Armour
   883 | D:2      | Found a glowing golden altar of the Shining One.
   884 | D:2      | Found a basalt altar of Yredelemnul.
   884 | D:2      | Found a bloodstained altar of Trog.
   885 | D:2      | Found a sparkling altar of Nemelex Xobeh.
   951 | D:2      | Became a worshipper of the Shining One
  1048 | D:2      | Reached skill level 1 in Polearms
  1058 | D:2      | Reached skill level 5 in Ice Magic
  1108 | D:2      | Reached XP level 4. HP: 26/30 MP: 7/7
  1929 | D:2      | Reached XP level 5. HP: 16/35 MP: 3/9
  2288 | D:3      | Learned a level 4 spell: Condensation Shield
  2985 | D:4      | Acquired the Shining One's first power
  2999 | D:4      | Reached XP level 6. HP: 41/41 MP: 6/10
  3016 | D:4      | Reached skill level 5 in Polearms
  3016 | D:4      | Reached skill level 6 in Ice Magic
  3309 | D:4      | Noticed Blork the orc
  3332 | D:4      | Killed Blork the orc
  3332 | D:4      | Reached XP level 7. HP: 22/46 MP: 10/12
  3623 | D:4      | Noticed a sky beast
  3699 | D:4      | Killed a sky beast
  3699 | D:4      | Reached skill level 7 in Ice Magic
  3711 | D:4      | Noticed Natasha
  3724 | D:4      | Killed Natasha
  3754 | D:4      | Noticed Sigmund
  3774 | D:4      | Killed Sigmund
  3945 | D:4      | Noticed Natasha
  3952 | D:4      | Killed Natasha
  4090 | D:4      | Noticed Natasha
  4097 | D:4      | Killed Natasha
  4187 | D:4      | Noticed a phantom
  4213 | D:4      | Killed a phantom
  4417 | D:4      | Reached skill level 8 in Polearms
  4562 | D:4      | Reached XP level 8. HP: 37/52 MP: 13/13
  4777 | D:5      | Entered Level 5 of the Dungeon
  4778 | D:5      | Upgraded the game from 0.16-a0-44-gd96af6c to 0.16-a0-51-g3cd7026
  4806 | D:5      | Found a staircase to the Ecumenical Temple.
  5106 | D:5      | Noticed Ijyb
  5122 | D:5      | Killed Ijyb
  5462 | D:5      | Reached skill level 9 in Polearms
  6330 | D:5      | Reached skill level 10 in Polearms
  6801 | D:6      | Reached XP level 9. HP: 50/57 MP: 14/14
  6853 | D:6      | Reached skill level 11 in Polearms
  6877 | D:6      | Noticed Duvessa
  6877 | D:6      | Acquired the Shining One's second power
  6894 | D:6      | Noticed Dowan
  6898 | D:6      | Killed Duvessa
  6957 | D:6      | Killed Dowan
  7415 | D:6      | Reached skill level 10 in Ice Magic
  7519 | D:6      | Splashed by a jelly's acid

Action                   |  1- 3 |  4- 6 |  7- 9 || total
-------------------------+-------+-------+-------++-------
Melee: Dagger            |    60 |       |       ||    60
       Unarmed           |     3 |       |       ||     3
       Spear             |    30 |   366 |   628 ||  1024
 Fire: Hunting sling     |    21 |    31 |    19 ||    71
Throw: Throwing net      |       |       |     1 ||     1
 Cast: Freeze            |    15 |    12 |    15 ||    42
       Ozocubu's Armour  |       |     7 |     9 ||    16
Evoke: Wand              |       |       |     3 ||     3
  Use: Scroll            |     5 |     4 |     8 ||    17
       Potion            |       |     1 |       ||     1
 Stab: Sleeping          |     2 |       |       ||     2
  Eat: Chunk             |     1 |     8 |    16 ||    25
       Fruit             |       |       |     1 ||     1
